 Dungeon Crawl Stone Soup version 0.27.1-4-g1640c2035a (webtiles) character file.

Game seed: 970667151700280211

396 zeram the Spear-Bearer (level 6, -15/47 HPs)
             Began as a Merfolk Fighter on Nov 11, 2021.
             Demolished by an ogre (30 damage)
             ... on level 5 of the Dungeon.
             The game lasted 00:04:47 (4494 turns).

zeram the Spear-Bearer (Merfolk Fighter)            Turns: 4494, Time: 00:04:48

Health: -15/47     AC:  6    Str: 16    XL:     6   Next: 83%
Magic:  6/6        EV:  6    Int: 10    God:
Gold:   165        SH:  9    Dex: 13    Spells: 5/5 levels left

rFire    . . .     SeeInvis .   a - +0 trident
rCold    . . .     Faith    .   c - +0 kite shield
rNeg     . . .     Spirit   .   b - +0 scale mail
rPois    .         Reflect  .   (no helmet)
rElec    .         Harm     .   (no cloak)
rCorr    .         Rampage  .   (no gloves)
Will     .....                  (no boots)
Stlth    ..........             (no amulet)
HPRegen  0.15/turn              (no ring)
MPRegen  0.10/turn              (no ring)

@: no status effects
A: (nimble swimmer 2), mertail
a: no special abilities


You were on level 5 of the Dungeon.
You visited 1 branch of the dungeon, and saw 5 of its levels.

You collected 165 gold pieces.

Inventory:

Hand Weapons
 a - a +0 trident (weapon)
 p - a +0 halberd
Armour
 b - a +0 scale mail (worn)
 c - a +0 kite shield (worn)
Scrolls
 d - a scroll of vulnerability {unknown}
 f - a scroll of fog {unknown}
 g - a scroll of teleportation
 i - 2 scrolls of torment {unknown}
 k - 2 scrolls of identify {unknown}
 m - a scroll of enchant armour {unknown}
 o - a scroll of silence {unknown}
 q - a scroll of amnesia {unknown}
Potions
 e - a potion of lignification {unknown}
 h - 3 potions of curing {unknown}
 j - a potion of resistance {unknown}
 l - a potion of magic {unknown}
 n - a potion of cancellation {unknown}


   Skills:
 - Level 3.2 Fighting
 + Level 10.1 Polearms
 - Level 2.1 Armour
 - Level 3.0 Shields


You had 5 spell levels left.
You didn't know any spells.
Your spell library contained the following spells:

 Spells                   Type           Power      Damage    Failure   Level
 Dazzling Flash           Conj/Hex       0%         N/A       100%        3
 Iskenderun's Mystic Bla  Conj/Tloc      0%         2d3       100%        4
 Starburst                Conj/Fire      0%         6d3       100%        6


Dungeon Overview and Level Annotations

Branches:
Dungeon (5/15)
 Temple: D:4-7

Altars:
Ashenzari

Shops:
D:1 =


Innate Abilities, Weirdness & Mutations

((You are quick and stealthy near water. (Stealth+, EV+, Speed+++)))
Your lower body shifts to a powerful aquatic tail in water.


Message History

Drop what? 18/52 slots (_ for help) (? for menu, Esc to quit)
You drop a ring of ice.
Done exploring.
Done exploring.
Done exploring.
(D) Dungeon
Where to? (Enter - D:4, ? - help)
There is a stone staircase leading down here.
You climb downwards.
There is a stone staircase leading up here.
A hound is nearby!
A hound is nearby!
A hound is nearby!
A hound is nearby!
You puncture the hound!
The hound is heavily wounded.
You block the hound's attack.
You puncture the hound!
You kill the hound!
Your Polearms skill increases to level 10!
An ogre comes into view. It is wielding a +0 giant club.
Found a quarterstaff.
You reach to attack!
Your shield and scale mail prevent you from hitting the ogre.
You hit the ogre.
The ogre is moderately wounded.
The ogre barely misses you.
You hit the ogre.
The ogre is moderately wounded.
The ogre hits you with a +0 giant club!
You barely miss the ogre.
The ogre is moderately wounded.
You barely miss the ogre.
The ogre is moderately wounded.
The ogre hits you with a +0 giant club!!
You hit the ogre.
The ogre is heavily wounded.
The ogre hits you with a +0 giant club!!
Ouch! That really hurt!
You die...

#...<....#
###...##..#
##.## . #.##
.. ## ##.# ..
#..##.## .#
#......### .#
######...#..#
###@..#
##O......
.......
..##... ...
.. #).. .
#... #...


You could see an ogre.

Vanquished Creatures
  A necrophage (D:4)
  A phantom (D:3)
  A jelly (D:4)
  A hound (D:5)
  3 gnolls
  6 adders
  4 worms (D:3)
  5 dart slugs
  An orc (D:3)
  4 ball pythons
  6 endoplasms
  4 giant cockroaches
  9 goblins
  7 hobgoblins
  2 quokkas
  10 bats
  2 frilled lizards
  7 kobolds
  8 rats
82 creatures vanquished.

Notes
Turn   | Place    | Note
-------+----------+-------------------------------------------
     0 | D:1      | zeram the Merfolk Fighter began the quest for the Orb.
     0 | D:1      | Reached XP level 1. HP: 18/18 MP: 1/1
   245 | D:1      | Reached skill level 4 in Polearms
   245 | D:1      | Reached XP level 2. HP: 24/24 MP: 2/2
   347 | D:1      | Found Zyovaeho's Jewellery Shop.
   532 | D:1      | Reached skill level 5 in Polearms
   532 | D:1      | Reached XP level 3. HP: 29/29 MP: 3/3
  1040 | D:2      | Reached skill level 6 in Polearms
  1253 | D:2      | Reached XP level 4. HP: 35/35 MP: 4/4
  1956 | D:2      | Found a faded altar of an unknown god.
  2186 | D:3      | Reached skill level 7 in Polearms
  2280 | D:3      | Found a broken altar of Ashenzari.
  2435 | D:3      | Reached XP level 5. HP: 41/41 MP: 5/5
  2991 | D:4      | Noticed a phantom
  3014 | D:3      | Killed a phantom
  3015 | D:3      | Reached skill level 8 in Polearms
  3467 | D:4      | Reached XP level 6. HP: 44/47 MP: 6/6
  3592 | D:3      | Reached skill level 9 in Polearms
  4086 | D:4      | Noticed a necrophage
  4100 | D:4      | Killed a necrophage
  4473 | D:5      | Entered Level 5 of the Dungeon
  4478 | D:5      | Reached skill level 10 in Polearms
  4494 | D:5      | Demolished by an ogre

Illustrated notes

Levels and vault maps discovered:
D:1:      dpeg_arrival_line_fractal, layout_basic, serial_shops,
          nicolae_shop_statue_plus
D:2:      layout_loops_ring, shapermc_ecumenical_altar_mp_highgroup
D:3:      layout_loops_ring, old_standard_altar
D:4:      layout_rooms
D:5:      layout_layer_cave, grunt_gozag_statues,
          minmay_temple_entry_stoned_glass, uniq_sigmund, uniq_menkaure

Skill      XL: |  1  2  3  4  5  6 |
---------------+-------------------+-----
Polearms       | 4 5 6 7 8 10 | 10.1
Fighting       | |  3.2
Armour         | |  2.1
Shields        | |  3.0

Action                   |  1- 3 |  4- 6 || total
-------------------------+-------+-------++-------
Melee: Trident           |   121 |   238 ||   359
  Use: Scroll            |       |     1 ||     1
       Potion            |       |     1 ||     1
Armor: Scale mail        |    46 |    64 ||   110
Dodge: Dodged            |    17 |    43 ||    60
Block: Kite shield       |    46 |    79 ||   125
